 Dungeon Crawl Stone Soup version 0.32-a0-938-g40ac7a0f4d (webtiles) character file.

Game seed: 16524742562765918521

14275 ezpacito the Cleaver (level 12, -3/93 HPs)
             Began as a Coglin Chaos Knight on Apr 15, 2024.
             Was a Plaything of Xom.
             Slain by a troll (9 damage)
             ... on level 11 of the Dungeon.
             The game lasted 00:22:07 (12861 turns).

ezpacito the Cleaver (Coglin Chaos Knight)         Turns: 12861, Time: 00:22:07

Health: -3/93      AC: 15    Str: 17    XL:     12   Next: 14%
Magic:  18/18      EV:  9    Int: 11    God:    Xom [.....*]
Gold:   341        SH:  0    Dex: 15    Spells: 19/19 levels left

rFire   + + .        a - +0 hand axe (chaos) {Yuphin}
rCold   + . .        r - +0 trident (distort) {Gurmehar}
rNeg    . . .        s - +4 chain mail {rC+}
rPois   .            (no helmet)
rElec   +            j - scarf {repulsion}
rCorr   .            o - +0 pair of gloves
SInv    .            (no boots)
Will    .....        (amulet unavailable) Stlth
                     (ring unavailable)
HPRegen 0.35/turn    (ring unavailable)
MPRegen 0.16/turn    (no gizmo)

%: repel missiles
@: revving
A: off-hand wielding, slow wielding, warmup strikes, no jewellery, fire
resistance 2, electricity resistance
a: Invent Gizmo, Renounce Religion


You were on level 11 of the Dungeon.
You worshipped Xom.
You were Xom's teddy bear.
You visited 2 branches of the dungeon, and saw 12 of its levels.
You also visited: Sewer.

You collected 647 gold pieces.
You spent 306 gold pieces at shops.

Inventory:

Hand Weapons
 a - a +0 hand axe of chaos (weapon) {Yuphin}
 g - a +1 shortbow of flaming
 l - a +0 war axe of freezing
 r - a +0 trident of distortion (offhand) {Gurmehar}
Missiles
 c - 11 throwing nets
 e - 14 poisoned darts (quivered)
 k - 13 boomerangs
 w - 3 javelins
Armour
 j - a scarf of repulsion (worn)
 o - a +0 pair of gloves (worn)
 s - a +4 chain mail of cold resistance (worn)
Scrolls
 f - 5 scrolls of poison
 i - a scroll of identify
 m - 2 scrolls of amnesia
 t - 3 scrolls of teleportation
 u - a scroll of fog
 x - 2 scrolls of immolation
 y - a scroll of vulnerability
 z - 2 scrolls of revelation
 A - 2 scrolls of silence
 C - 2 scrolls of noise
Potions
 b - a potion of cancellation
 d - a potion of might
 h - a potion of haste
 n - 2 potions of attraction
 q - 2 potions of curing
 v - 3 potions of brilliance
 D - 2 potions of mutation


   Skills:
 * Level 8.2 Fighting
 * Level 8.2(9.5) Axes
 * Level 6.8(8.3) Polearms
 + Level 0.0 Throwing
 * Level 7.0 Armour
 * Level 6.7 Dodging
 - Level 4.0 Stealth
 - Level 4.3 Unarmed Combat
 + Level 4.1 Spellcasting
 + Level 6.5 Evocations


You had 19 spell levels left.
You didn't know any spells.
Your spell library contained the following spells:

 Spells                   Type           Power      Damage    Failure   Level
 Shock                    Conj/Air       8%         1d3       89%         1
 Call Imp                 Summ           4%         N/A       96%         2
 Sublimation of Blood     Necr           2%         N/A       96%         2
 Dazzling Flash           Conj/Hex       4%         N/A       99%         3
 Inner Flame              Hex/Fire       2%         N/A       99%         3
 Swiftness                Air            2%         N/A       99%         3
 Airstrike                Air            1%         2d(1-17)  100%        4
 Flame Wave               Conj/Fire      2%         2d4       100%        4
 Sticky Flame             Fire/Alch      2%         2d4       100%        4
 Starburst                Conj/Fire      1%         6d3       100%        6
 Summon Hydra             Summ           1%         N/A       100%        7
 Maxwell's Capacitive Co  Air            1%         ∞         100%        8


Dungeon Overview and Level Annotations

Branches:
Dungeon (11/15)            Temple (1/1) D:5            Lair (0/5) D:11
    Orc (0/2) D:9           Sewer (visited)

Altars:
Ashenzari
Cheibriados
Dithmenos
Elyvilon
Fedhas
Gozag
Hepliaklqana
Kikubaaqudgha
Makhleb
Nemelex Xobeh
Okawaru
Qazlal
Ru
Sif Muna
Trog
Uskayaw
Vehumet
Wu Jian
Xom
Yredelemnul
Zin
The Shining One

Shops:
D:4 =

Annotations:
Abyss:1 Pikel


Innate Abilities, Weirdness & Mutations

You can wield a second weapon in your off-hand.
It takes a long time for you to wield or remove held weapons.
Your first few attacks do less damage.
You cannot equip rings or amulets.
Your flesh is very heat resistant. (rF++)
You are resistant to electric shocks. (rElec)


Message History

Press: ? - help, Q - select action, (/) - cycle Shift-Dir - straight line, f/p - tengu warrior
Aim: a tengu warrior, wielding a +0 arbalest and wearing a +0 ring mail (39% to hit)
You throw a poisoned dart.
The poisoned dart closely misses the tengu warrior.
The poisoned dart misses the tengu warrior.
The tengu warrior hits you from afar with a +2 bardiche of flaming!
* * * LOW HITPOINT WARNING * * *
The tengu warrior burns you.
* * * LOW HITPOINT WARNING * * *
You take 14 damage, and have 8/93 hp.
As you read the scroll of teleportation, it crumbles to dust.
You feel strangely unstable.
The tengu warrior hits you from afar with a +2 bardiche of flaming.
* * * LOW HITPOINT WARNING * * *
You take 1 damage, and have 7/93 hp.
The tengu warrior shoots a bolt.
The bolt completely misses you.
Your surroundings suddenly seem different.
A troll comes into view.
Xom thinks this is hilarious!
The troll shouts!
You hit the troll with your +0 hand axe of chaos.
The troll is lightly wounded.
You puncture the troll with your +0 trident of distortion!
The troll bites you but does no damage.
The troll claws you but does no damage. x2
You barely miss the troll with your +0 trident of distortion.
The troll is moderately wounded.
You barely miss the troll with your +0 hand axe of chaos.
The troll bites you but does no damage. The troll closely misses you.
The troll claws you.
* * * LOW HITPOINT WARNING * * *
You take 5 damage, and have 4/93 hp.
You hit the troll but do no damage. Lightning courses through the troll!
The troll is heavily wounded.
You hit the troll with your +0 trident of distortion.
The troll blinks!
You barely miss the troll with your +0 hand axe of chaos.
The troll is moderately wounded.
You closely miss the troll with your +0 trident of distortion.
The troll bites you!
You die...

#.># #..# #..#
#..####### #H.#
.......... ...#
..b.###### #..# ##..##
#..# #...### #..#
#..§..# ##########!.#
................@....#
.....C...........T...#
#....~...~.........^.#
#..~~~~.~~.~....###..#
#.≈.~≈~≈~.~.~~~. #..#
#~.~~≈≈≈≈~~≈≈... #..#
.~≈≈≈hh~S≈≈≈~... ...#
~.~.≈~≈~.. ...#
....~≈≈... ..#


You could see a troll.

Vanquished Creatures
  A catoblepas (D:8)
  A centaur warrior (D:8)
  A two-headed ogre (D:10)
  A tengu warrior (D:7)
  A meliai (D:8)
  An unseen horror (D:8)
  A troll (D:9)
  3 hornets
  A shadow (D:7)
  22 yaks
  A human (D:6)
  A steam dragon (D:10)
  2 orc warriors
  A sky beast (D:7)
  A black bear (D:5)
  3 ogres
  4 centaurs
  3 wolves
  A phantom (D:3)
  5 bullfrogs
  A kobold brigand (D:9)
  A brain worm (Sewer)
  5 gnoll sergeants
  3 scorpions
  4 wights (D:6)
  9 killer bees
  An electric eel (D:11)
  4 howler monkeys
  9 orc priests
  3 bombardier beetles
  11 hounds
  3 jellies
  4 gnoll boudas
  An iguana (D:6)
  10 orc wizards
  50 gnolls
  10 adders
  7 river rats (Sewer)
  2 shadow imps
  4 white imps
  2 ufetubi (D:5)
  A dart slug (D:1)
  25 orcs
  7 ball pythons
  8 endoplasms
  5 giant cockroaches
  10 goblins
  6 hobgoblins
  15 jackals
  6 quokkas
  4 bats
  5 frilled lizards
  24 kobolds
  10 rats
325 creatures vanquished.

Vanquished Creatures (collateral kills)
  A water elemental (D:11)
  2 yaks (D:10)
  A brain worm (Sewer)
  A river rat (Sewer)
  A rat (D:2)
6 creatures vanquished.

Vanquished Creatures (others)
  A cyclops (D:11)
  An orc wizard (D:10)
  An endoplasm (D:2)
3 creatures vanquished.

Grand Total: 334 creatures vanquished

Notes
Turn   | Place    | Note
-------+----------+-------------------------------------------
     0 | D:1      | ezpacito the Coglin Chaos Knight began the quest for the
                  | Orb.
     0 | D:1      | Reached XP level 1. HP: 18/18 MP: 1/1
   112 | D:1      | Reached skill level 1 in Dodging
   118 | D:1      | Reached XP level 2. HP: 20/24 MP: 2/2
   311 | D:1      | Found a faded altar of an unknown god.
   346 | D:1      | Reached XP level 3. HP: 29/29 MP: 3/3
   695 | D:2      | XOM: 1-stop teleportation journey
   868 | D:2      | XOM: cast spell 'Alistair's Intoxication'
   877 | D:2      | Reached skill level 1 in Polearms
   882 | D:2      | Reached XP level 4. HP: 24/35 MP: 3/5
   962 | D:2      | XOM: cast spell 'Summon Cactus Giant'
  1390 | D:3      | Reached skill level 1 in Stealth
  1466 | D:3      | Found a broken altar of Ashenzari.
  1564 | D:3      | XOM: silly message
  1571 | D:3      | XOM: 3-stop teleportation journey
  1629 | D:3      | XOM: give mutations
  1629 | D:3      | Gained mutation: You are frail. (-10% HP) [Xom's mischief]
  1629 | D:3      | Gained mutation: You do not regenerate when monsters are
                  | visible. [Xom's mischief]
  1629 | D:3      | Gained mutation: You are strong-willed. (Will+) [Xom's
                  | mischief]
  1725 | D:3      | Reached XP level 5. HP: 28/36 MP: 6/6
  1908 | D:3      | Noticed a phantom
  1915 | D:3      | Found an iron altar of Okawaru.
  1919 | D:3      | Killed a phantom
  1920 | D:3      | Reached skill level 1 in Spellcasting
  1920 | D:3      | Reached skill level 1 in Evocations
  1921 | D:3      | Reached XP level 6. HP: 21/43 MP: 7/7
  2281 | D:3      | XOM: summons 4 hostile demons
  2616 | D:4      | Found Wilenuxa's Jewellery Shop.
  3005 | D:4      | XOM: 4-stop teleportation journey
  3063 | D:4      | Reached XP level 7. HP: 48/48 MP: 8/8
  3271 | D:5      | Entered Level 5 of the Dungeon
  3274 | D:5      | XOM: butterfly on damage
  3294 | D:5      | XOM: enchant monster (bad)
  3295 | D:5      | Lost mutation: You are strong-willed. (Will+) [potion of
                  | mutation]
  3295 | D:5      | Lost mutation: You are frail. (-10% HP) [potion of
                  | mutation]
  3295 | D:5      | Gained mutation: You expend magic power (3 MP) to
                  | strengthen your wands. [potion of mutation]
  3295 | D:5      | Gained mutation: Your flesh is heat resistant. (rF+)
                  | [potion of mutation]
  3295 | D:5      | Gained mutation: You are resistant to electric shocks.
                  | (rElec) [potion of mutation]
  3295 | D:5      | Gained mutation: You have a pair of small horns on your
                  | head. [potion of mutation]
  3420 | D:5      | Found a staircase to the Ecumenical Temple.
  3454 | D:5      | Found a glowing drain.
  3458 | Sewer    | Entered a sewer
  3551 | Sewer    | XOM: summons 4 hostile shadow creatures
  3971 | Sewer    | Reached XP level 8. HP: 54/61 MP: 8/10
  3990 | Sewer    | XOM: noise
  4023 | Sewer    | XOM: summons 6 friendly demons
  4389 | Sewer    | XOM: scenery: summon butterflies
  4390 | Sewer    | XOM: divination: magic mapping
  4747 | D:5      | XOM: cleaving
  4765 | D:5      | XOM: enchant monster (good)
  4930 | D:4      | Reached skill level 1 in Unarmed Combat
  4954 | D:4      | XOM: summons 5 hostile demons
  4955 | D:4      | Noticed a red devil
  5386 | D:5      | XOM: confusion
  5400 | D:5      | Reached skill level 5 in Axes
  5531 | D:5      | XOM: 1-stop teleportation journey
  5566 | D:5      | Reached skill level 5 in Fighting
  5620 | D:5      | XOM: swap monsters
  5629 | D:5      | XOM: swap monsters
  5928 | D:5      | XOM: enchant monster (bad)
  5931 | D:5      | Reached XP level 9. HP: 63/68 MP: 12/12
  5971 | D:5      | XOM: summons 5 hostile demons
  5973 | D:5      | XOM: chaos upgrade
  6009 | D:5      | Found Kiabluce's Assorted Antiques.
  6154 | D:5      | XOM: stat loss: -1 Str (16/17)
  6175 | Temple   | Entered the Ecumenical Temple
  6366 | D:5      | XOM: give mutation
  6366 | D:5      | Gained mutation: Your magical capacity is low. (-10% MP)
                  | [Xom's mischief]
  6438 | D:6      | Found a radiant altar of Vehumet.
  6438 | D:6      | XOM: 3-stop teleportation journey
  6450 | D:6      | XOM: chaos cloud
  6705 | D:6      | XOM: summons 1 hostile demon
  6706 | D:6      | Noticed an orange demon
  6713 | D:6      | XOM: smoke on damage
  7066 | D:6      | XOM: polymorph orc wizard -> human
  7071 | D:6      | XOM: cast spell 'Summon Ice Beast'
  7176 | D:6      | XOM: polymorph gnoll -> endoplasm
  7402 | D:7      | Found a bloodstained altar of Trog.
  7562 | D:7      | Reached XP level 10. HP: 76/76 MP: 12/12
  7583 | D:7      | Reached skill level 5 in Armour
  7713 | D:7      | XOM: 3-stop teleportation journey
  8022 | D:7      | Lost mutation: You expend magic power (3 MP) to strengthen
                  | your wands. [potion of mutation]
  8022 | D:7      | Lost mutation: Your magical capacity is low. (-10% MP)
                  | [potion of mutation]
  8022 | D:7      | Gained mutation: Your flesh is very heat resistant. (rF++)
                  | [potion of mutation]
  8023 | D:7      | Lost mutation: You do not regenerate when monsters are
                  | visible. [potion of mutation]
  8023 | D:7      | Lost mutation: You have a pair of small horns on your head.
                  | [potion of mutation]
  8023 | D:7      | Gained mutation: You have hidden genetic defects. [potion
                  | of mutation]
  8023 | D:7      | Gained mutation: You are frail. (-10% HP) [potion of
                  | mutation]
  8023 | D:7      | Lost mutation: You have hidden genetic defects. [potion of
                  | mutation]
  8023 | D:7      | Lost mutation: You are frail. (-10% HP) [potion of
                  | mutation]
  8166 | D:8      | Noticed a centaur warrior
  8171 | D:8      | XOM: enchant monster (good)
  8180 | D:8      | Killed a centaur warrior
  8181 | D:8      | Reached skill level 5 in Polearms
  8181 | D:8      | Reached skill level 5 in Dodging
  8184 | D:8      | Killed an unseen horror
  8384 | D:8      | Noticed Pikel
  8386 | D:8      | XOM: enchant monster (good)
  8420 | D:7      | Banished Pikel
  8421 | D:7      | Reached skill level 5 in Evocations
  8421 | D:7      | XOM: cast spell 'Disjunction'
  8539 | D:7      | XOM: divination: magic mapping
  8541 | D:7      | XOM: enchant monster (good)
  8553 | D:8      | Noticed a tengu warrior
  8554 | D:8      | XOM: confuse monster(s)
  8662 | D:7      | XOM: noise
  8746 | D:7      | Killed a tengu warrior
  8747 | D:7      | Reached XP level 11. HP: 70/84 MP: 14/16
  8755 | D:8      | Noticed a catoblepas
  8767 | D:8      | Killed a catoblepas
  8928 | D:8      | Found a sparkling altar of Nemelex Xobeh.
  8957 | D:8      | Found a transporter.
  9002 | D:8      | Noticed a red ugly thing
  9009 | D:8      | XOM: cast spell 'Fugue of the Fallen'
  9012 | D:8      | XOM: summons friendly crimson imp
  9013 | D:8      | Banished a red ugly thing
  9383 | D:8      | Found Cytreha's Magic Scroll Emporium.
  9388 | D:8      | Bought a scroll of revelation for 90 gold pieces
  9388 | D:8      | Bought a scroll of fear for 48 gold pieces
  9388 | D:8      | Bought a scroll of noise for 12 gold pieces
  9388 | D:8      | Bought a scroll of identify for 24 gold pieces
  9388 | D:8      | Bought a scroll of immolation for 48 gold pieces
  9388 | D:8      | Bought a scroll of teleportation for 36 gold pieces
  9388 | D:8      | Bought a scroll of teleportation for 36 gold pieces
  9388 | D:8      | Bought a scroll of noise for 12 gold pieces
  9545 | D:8      | XOM: god gift: runed scimitar {god gift}
  9569 | D:8      | Found a shimmering altar of Xom.
  9675 | D:9      | XOM: enchant monster (bad)
  9687 | D:9      | XOM: divination: magic mapping
  9850 | D:9      | XOM: 1-stop teleportation journey
 10060 | D:9      | Found a staircase to the Orcish Mines.
 10065 | D:9      | XOM: swap monsters
 10174 | D:9      | Found a hide-covered altar of Uskayaw.
 10608 | D:9      | XOM: enchant monster (bad)
 10746 | D:9      | XOM: enchant monster (bad)
 10812 | D:9      | XOM: enchant monster (good)
 11050 | D:9      | XOM: noise
 11113 | D:9      | XOM: divination: detect items
 11145 | D:10     | Entered Level 10 of the Dungeon
 11196 | D:10     | XOM: cast spell 'Fugue of the Fallen'
 11205 | D:10     | XOM: potion effect (berserk rage)
 11211 | D:10     | Found a stormy altar of Qazlal.
 11217 | D:10     | XOM: enchant monster (good)
 11224 | D:10     | XOM: summons 2 friendly demons
 11635 | D:10     | XOM: polymorph centaur -> jackal
 11804 | D:10     | XOM: enchant monster (good)
 11845 | D:10     | XOM: 4-stop teleportation journey
 11996 | D:10     | XOM: scenery: 1 doors open
 12093 | D:10     | Noticed a two-headed ogre
 12094 | D:10     | XOM: summons 3 friendly demons
 12109 | D:10     | Killed a two-headed ogre
 12110 | D:10     | Reached XP level 12. HP: 62/92 MP: 16/18
 12416 | D:11     | XOM: butterfly on damage
 12423 | D:11     | Found a staircase to the Lair.
 12423 | D:11     | XOM: 8-stop teleportation journey
 12602 | D:11     | XOM: cleaving
 12612 | D:11     | XOM: fog
 12824 | D:11     | Noticed a tengu warrior
 12830 | D:11     | Noticed a tengu warrior
 12856 | D:11     | HP: 4/93 [troll (5)]
 12861 | D:11     | Slain by a troll

Illustrated notes

Levels and vault maps discovered:
D:1:      psy_arrival_conway, layout_basic, shapermc_ecumenical_altar_venn
D:2:      layout_loops_cross, nrook_campfire, st_stairs_10,
          wad_floor_pattern_untrapped
D:3:      layout_loops_corners, nicolae_ashenzari_skybound,
          okawaru_altar_gauntlet_db
D:4:      layout_cave_pools, serial_shops, shop, serial_bayou_lagoon_b
D:5:      layout_cave_pools, minmay_temple_entry_gardened_gates,
          serial_gnoll_camp, gnoll_camp_medium_01, gnoll_camp_huts_moat,
          gnoll_camp_mini_hut, gnoll_camp_mini_shop, gnoll_camp_mini_loothouse,
          gup_sewer_entry_bowl
D:6:      layout_loops_cross, nicolae_vehumet_radiance
D:7:      layout_rooms, trog_three_pillars_becter, dreamdust_gnoll_farm
D:8:      minmay_diamond_stairs, layout_cave_pools,
          mainiacjoe_overflow_catwalk_spiral, serial_shops,
          nicolae_shop_rolling_square, kennysheep_pointless_box,
          nicolae_diode_basic, uniq_pikel
D:9:      layout_stronghold, kennysheep_mini_moat, orc_0_dummy
D:10:     layout_gridville, grunt_qazlal_sundering, grunt_ministairs_3
D:11:     layout_long_grid, erik_lair_island
Temple:   minmay_temple_curvy_branch

Skill      XL: |  1  2  3  4  5  6  7  8  9 10 11 12 |
---------------+-------------------------------------+-----
Dodging        | 1 2 3 4 5 6 |  6.7
Armour         | 2 3 4 5 6 7 |  7.0
Polearms       | 1 2 3 4 5 6 |  6.8
Stealth        | 1 2 3 4 |  4.0
Spellcasting   | 1 2 3 4 |  4.1
Evocations     | 1 2 3 4 5 6 |  6.5
Axes           | 4 5 6 7 8 |  8.2
Fighting       | 4 5 6 7 8 |  8.2
Unarmed Combat | 1 2 3 4 |  4.3

Action                     |  1- 3 |  4- 6 |  7- 9 | 10-12 || total
---------------------------+-------+-------+-------+-------++-------
  Melee: Hand axe          |    89 |   128 |   300 |   251 ||   768
         Dagger            |    72 |    47 |       |       ||   119
         Spear             |       |    81 |   194 |       ||   275
         Headbutt          |       |       |    60 |     8 ||    68
         Trident           |       |       |   170 |   312 ||   482
  Throw: Dart              |       |       |       |    11 ||    11
  Evoke: Wand              |       |     2 |     3 |    13 ||    18
    Use: Potion            |       |     2 |    14 |    11 ||    27
         Scroll            |       |       |    10 |    17 ||    27
   Stab: Sleeping          |     1 |       |       |       ||     1
         Paralysed         |       |     2 |     2 |     1 ||     5
         Held in net/web   |       |       |     2 |       ||     2
         Confused          |       |       |       |     3 ||     3
         Petrified         |       |       |       |     3 ||     3
         Distracted        |       |       |       |     2 ||     2
 Armour: Leather armour    |    43 |     7 |       |       ||    50
         Scale mail        |       |    74 |       |       ||    74
         Chain mail        |       |     7 |   405 |   434 ||   846
         Skin              |       |       |     8 |       ||     8
  Dodge: Dodged            |    51 |    56 |   135 |   189 ||   431
         Repelled          |       |       |       |    14 ||    14

Table legend: (Time is in decaauts)
 A = Elapsed time spent in this place.
 B = Non-inter-level travel time spent in this place.
 C = Inter-level travel time spent in this place.
 D = Time resting spent in this place.
 E = Time spent auto-exploring this place.
 F = Levels seen in this place.
 G = Mean time per level.
                   A        B        C        D        E       F      G
               +--------+--------+--------+--------+--------+-----+--------+
         Total |  13028 |  12644 |    384 |   1106 |   8911 |  13 | 1002.2 |
       Dungeon |  11602 |  11219 |    383 |   1106 |   7903 |  11 | 1054.7 |
        Temple |      1 |      1 |      0 |      0 |      0 |   1 |    1.0 |
         Sewer |   1424 |   1424 |      0 |      0 |   1008 |   1 | 1424.0 |
               +--------+--------+--------+--------+--------+-----+--------+

Top non-repeatable levels by time:
     D:9: 1455 daAuts
   Sewer: 1424 daAuts
     D:5: 1398 daAuts
    D:10: 1250 daAuts
     D:3: 1249 daAuts
     D:4: 1196 daAuts
     D:7: 1170 daAuts
     D:8: 1138 daAuts
     D:6: 921 daAuts
     D:2: 705 daAuts
     D:1: 660 daAuts
    D:11: 456 daAuts
  Temple: 1 daAuts
